 Dungeon Crawl Stone Soup version 0.22-a0-284-g99d1f7439c (webtiles) character file.

1232 Pylon the Cruncher (level 8, -9/69 HPs)
             Began as a Deep Dwarf Gladiator on Mar 22, 2018.
             Was an Initiate of Makhleb.
             Splashed by an orc's acid (11 damage)
             ... on level 5 of the Dungeon.
             The game lasted 00:06:53 (3971 turns).

Pylon the Cruncher (Deep Dwarf Gladiator)           Turns: 3971, Time: 00:06:54

Health: -9/69      AC:  0    Str: 17    XL:     8   Next: 24%
Magic:  9/9        EV: 12    Int: 10    God:    Makhleb [......]
Gold:   212        SH:  0    Dex: 19    Spells: 7/7 levels left

rFire    . . .     SeeInvis .   q - +3 quarterstaff (chaos)
rCold    . . .     Gourm    .   (shield currently unavailable)
rNeg     . . .     Faith    .   k - +0 scale mail
rPois    .         Spirit   .   c - +0 helmet
rElec    .         Reflect  .   r - +0 cloak
rCorr    .         Harm     .   (no gloves)
MR       +....                  (no boots)
Stlth    ..........             (no amulet)
HPRegen  0.00/turn              u - ring of loudness (curse)
MPRegen  0.11/turn              h - +3 ring of dexterity

@: corroded, non-regenerating
A: damage resistance, heal wounds, sense surroundings 1, no regeneration
a: Heal Wounds, Renounce Religion


You were on level 5 of the Dungeon.
You worshipped Makhleb.
Makhleb was noncommittal.
You were not hungry.

You visited 2 branches of the dungeon, and saw 6 of its levels.
You also visited: Ossuary.

You collected 212 gold pieces.

Inventory:

Hand Weapons
 a - a +0 quarterstaff
 q - a +3 quarterstaff of chaos (weapon)
Missiles
 d - 3 throwing nets (quivered)
Armour
 b - a +0 leather armour
 c - a +0 helmet (worn)
 k - a +0 scale mail (worn)
 l - a +0 cloak
 r - a +0 cloak (worn)
 I - a scarf of spirit shield
Jewellery
 h - a +3 ring of dexterity (right hand)
 u - a cursed ring of loudness (left hand)
 G - a cursed -4 ring of dexterity
Wands
 n - a wand of digging (1)
 E - a wand of clouds (9)
 K - a wand of paralysis (17)
Scrolls
 e - 8 scrolls of identify {unknown}
 j - 4 scrolls of remove curse {unknown}
 o - a scroll of random uselessness {unknown}
 x - a scroll of amnesia {unknown}
 y - a scroll of fear {unknown}
 z - a scroll of magic mapping {unknown}
 A - a scroll of enchant weapon {unknown}
 B - a scroll of enchant armour {unknown}
 F - a scroll of acquirement {unknown}
Potions
 g - 2 potions of cancellation {unknown}
 i - 5 potions of curing {unknown}
 m - a potion of berserk rage {unknown}
 p - 2 potions of ambrosia {unknown}
 s - 3 potions of flight {unknown}
 t - 2 potions of agility {unknown}
 v - 2 potions of heal wounds
 w - a potion of might
 C - a potion of resistance {unknown}
 D - a potion of lignification {unknown}
 H - a potion of degeneration {unknown}
Comestibles
 f - 11 rations
 J - 6 chunks of flesh


   Skills:
 + Level 3.0 Fighting
 + Level 8.2 Staves
 - Level 1.7 Throwing
 + Level 2.7 Armour
 + Level 3.7 Dodging
 * Level 3.6 Evocations


You had 7 spell levels left.
You didn't know any spells.

Dungeon Overview and Level Annotations

Branches:
Dungeon (5/15)             Temple (1/1) D:5

Altars:
Cheibriados
Dithmenos
Elyvilon
Fedhas
Makhleb
Nemelex Xobeh
Okawaru
Qazlal
Sif Muna
Trog
Uskayaw
Vehumet
Wu Jian
Xom
Zin
The Shining One
Lugonu

Shops:
D:2 *   D:4 :


Innate Abilities, Weirdness & Mutations

You are resistant to damage.
You can heal yourself by infusing magical energy.
You passively map a small area around you.
You do not regenerate.


Message History

The orc wizard casts a spell at you. The magic dart hits you!
The orc hits you but does no damage. The orc hits you with a flail.
The orc barely misses you.
Your scale mail prevents you from hitting the orc.
The orc wizard casts a cantrip, but nothing happens.
The orc closely misses you. The orc hits you but does no damage.
The orc barely misses you. The orc wizard misses you.
You hit the orc but do no damage.
The orc wizard hits you but does no damage.
The orc barely misses you. The orc hits you with a whip.
* * * LOW HITPOINT WARNING * * *
The orc barely misses you.
Unknown command.
The orc wizard casts a spell at you. The puff of flame hits you!
* * * LOW HITPOINT WARNING * * *
The orc closely misses you.
The orc zaps a wand.
The bolt of acid hits you!
* * * LOW HITPOINT WARNING * * *
The acid corrodes you!
You are splashed with acid!
The acid burns!
You die...

###.##.#### #.#.#...#
,* ......... ,
,.....## ,
,.......##** ###..##
, * #.......###.,
#.†.. * ,
,#............###.††.
** # , #.#.......#
#....<### #.
##...ooo..# #........
#..#. #.o.# #.###...#
..... #@### #.....#..
#.##..###.# #####...#
#........## ##.##
######.## #.##
#.###############.##
#.................#
###################


You could see an orc wizard and 3 orcs.

Vanquished Creatures
  Grinder (D:3)
  An ice beast (D:4)
  2 ogres
  2 water moccasin zombies (Ossuary)
  A crimson imp (D:4)
  3 orc wizards (D:4)
  A hound (D:4)
  Crazy Yiuf (D:2)
  Natasha (thrice) (D:2)
  4 worker ants
  2 big kobold zombies (Ossuary)
  2 mummies (Ossuary)
  6 gnolls
  11 adders
  4 adder zombies (Ossuary)
  An adder skeleton (D:4)
  4 leopard geckos
  7 orcs
  A ball python (D:2)
  7 bats
  4 giant cockroaches
  4 gnoll zombies (Ossuary)
  6 goblins
  4 hobgoblins (D:3)
  4 jackals (D:5)
  4 quokkas
  6 frilled lizards
  5 hobgoblin zombies (Ossuary)
  3 kobolds
  6 kobold zombies (Ossuary)
  A leopard gecko skeleton (D:4)
  5 orc zombies (Ossuary)
  6 rats
  2 demonic plants (Temple)
124 creatures vanquished.

Notes
Turn   | Place    | Note
-------+----------+-------------------------------------------
     0 | D:1      | Pylon the Deep Dwarf Gladiator began the quest for the Orb.
     0 | D:1      | Reached XP level 1. HP: 19/19 MP: 1/1
    46 | D:1      | Reached skill level 3 in Staves
   194 | D:1      | Reached XP level 2. HP: 26/26 MP: 2/2
   804 | D:2      | Found a stormy altar of Qazlal.
   806 | D:2      | Noticed a water elemental
   808 | D:2      | Noticed an earth elemental
   808 | D:2      | Noticed a fire elemental
   808 | D:2      | Noticed an air elemental
   853 | D:2      | Found a white marble altar of Elyvilon.
   880 | D:2      | Noticed Natasha
   885 | D:2      | Noticed a crimson imp
   885 | D:2      | Killed Natasha
   885 | D:2      | Reached skill level 4 in Staves
   885 | D:2      | Reached XP level 3. HP: 30/32 MP: 3/3
   906 | D:2      | Reached XP level 4. HP: 27/39 MP: 4/4
  1013 | D:2      | Noticed Natasha
  1025 | D:2      | Killed Natasha
  1066 | D:2      | Found a hide-covered altar of Uskayaw.
  1066 | D:2      | Found a blossoming altar of Fedhas.
  1105 | D:2      | Reached skill level 5 in Staves
  1143 | D:2      | Found a shadowy altar of Dithmenos.
  1240 | D:2      | Reached XP level 5. HP: 44/45 MP: 4/4
  1370 | D:2      | Found Zin's Purification Station.
  1377 | D:2      | Found a glowing silver altar of Zin.
  1401 | D:2      | Found a runed door.
  1495 | D:2      | Noticed Natasha
  1502 | D:2      | Killed Natasha
  1662 | D:2      | Noticed Crazy Yiuf
  1672 | D:2      | Killed Crazy Yiuf
  1844 | D:2      | You fall through a shaft!
  1899 | D:3      | Noticed Grinder
  1913 | D:3      | Killed Grinder
  1913 | D:3      | Reached skill level 6 in Staves
  1913 | D:3      | Reached XP level 6. HP: 23/52 MP: 5/5
  1953 | D:3      | Found an ornate altar of the Wu Jian Council.
  2121 | D:3      | Found a shimmering altar of Xom.
  2121 | D:3      | Found a shimmering altar of Xom.
  2124 | D:3      | Found a shimmering altar of Xom.
  2125 | D:3      | Found a shimmering altar of Xom.
  2205 | D:3      | Reached skill level 7 in Staves
  2792 | D:4      | Reached skill level 1 in Evocations
  2806 | D:4      | Reached XP level 7. HP: 55/58 MP: 6/6
  2844 | D:4      | Found a sand-covered staircase.
  2861 | Ossuary  | Entered an ossuary
  2867 | Ossuary  | Reached skill level 1 in Armour
  3284 | D:4      | Found a sparkling altar of Nemelex Xobeh.
  3311 | D:4      | Reached XP level 8. HP: 56/68 MP: 9/9
  3380 | D:4      | Reached skill level 8 in Staves
  3394 | D:4      | Found Corust's Book Shop.
  3695 | D:3      | Found an ornate altar of the Wu Jian Council.
  3721 | D:5      | Entered Level 5 of the Dungeon
  3726 | D:5      | Found a staircase to the Ecumenical Temple.
  3770 | Temple   | Entered the Ecumenical Temple
  3837 | Temple   | Became a worshipper of Makhleb the Destroyer
  3971 | D:5      | HP: 2/69 [orc/wand of acid (12) (12)]
  3971 | D:5      | Splashed by an orc's acid

Vault maps used:
D:1:      roderic_crossed_star, supply_closet_lemuel
D:2:      nicolae_overflow_hidden_temple, overflow_temple_1_default,
          nicolae_overflow_crystal_walls, zin_purify,
          nicolae_qazlal_style_of_elements, uniq_natasha,
          uniq_crazy_yiuf_cottage
D:3:      lemuel_upstairs_altar, marbit_many_paths, xom_redecorated,
          uniq_grinder
D:4:      kennysheep_mini_moat, serial_shops, shop,
          nicolae_ossuary_entry_monument
D:5:      lemuel_coloured_pillars_altar, minmay_temple_entry_grid, first_ration
Temple:   corrupted_temple
Ossuary:  ossuary_tomb_2

Skill      XL: |  1  2  3  4  5  6  7  8 |
---------------+-------------------------+-----
Staves         | 3 4 5 6 7 8 |  8.2
Evocations     | 1 3 |  3.6
Fighting       | 2 3 |  3.0
Armour         | 2 |  2.7
Throwing       | |  1.7
Dodging        | |  3.7

Action                   |  1- 3 |  4- 6 |  7- 9 || total
-------------------------+-------+-------+-------++-------
Melee: Quarterstaff      |    63 |   162 |   207 ||   432
 Abil: Heal Wounds       |       |     3 |     2 ||     5
 Stab: Paralysed         |       |       |     1 ||     1
  Eat: Chunk             |       |     5 |     5 ||    10
Armor: Leather armour    |    12 |       |       ||    12
       Scale mail        |    23 |    93 |    89 ||   205
Dodge: Dodged            |    49 |   139 |   122 ||   310

Table legend:
 A = Spawn XP
 B = Non-spawn XP
 C = Spawn XP percentage of total XP
 D = Spawn monster count
 E = Non-spawn monster count
 F = Spawn count percentage of total count
 G = Total turns spent on level
                    A         B        C        D         E        F      G
               +---------+---------+-------+---------+---------+-------+---------
         Total |       0 |    1760 |   0.0 |       0 |     120 |   0.0 |  3971
               +---------+---------+-------+---------+---------+-------+---------
           D:1 |       0 |      21 |   0.0 |       0 |      14 |   0.0 |   750
           D:2 |       0 |     281 |   0.0 |       0 |      21 |   0.0 |  1094
           D:3 |       0 |     358 |   0.0 |       0 |      21 |   0.0 |   951
           D:4 |       0 |     604 |   0.0 |       0 |      24 |   0.0 |   723
           D:5 |       0 |     207 |   0.0 |       0 |      12 |   0.0 |   164
       Ossuary |       0 |     289 |   0.0 |       0 |      28 |   0.0 |   203
               +---------+---------+-------+---------+---------+-------+---------
